 Dungeon Sprint DCSS version 0.23.1 (webtiles) character file.

Game seed: 5043746391878593128

2176 nuthulu the Grappler (level 9, -1/99 (102) HPs)
             Began as a Troll Monk on Mar 4, 2019.
             Was a Priest of Qazlal.
             Killed from afar by a death drake (12 damage)
             ... with a foul vapour
             ... in the Dungeon (Sprint II: "The Violet Keep of Menkaure").
             The game lasted 00:03:26 (592 turns).

nuthulu the Grappler (Troll Monk)                    Turns: 592, Time: 00:03:27

HP:   -1/99 (102)   AC:  6    Str: 24    XL:     9   Next: 11%
MP:   0/8           EV: 15    Int:  6    God:    Qazlal [***...]
Gold: 360           SH:  4    Dex: 12    Spells: 8/8 levels left

rFire    . . .     SeeInvis .     - Unarmed
rCold    . . .     Gourm    +   (no shield)
rNeg     . . .     Faith    .   a - +0 robe
rPois    .         Spirit   +   (helmet restricted)
rElec    .         Reflect  .   (no cloak)
rCorr    .         Harm     .   (gloves unavailable)
MR       .....     NoTele   +   (boots unavailable)
Stlth    +.........             i - amulet of guardian spirit
HPRegen  0.66/turn              (no ring)
MPRegen  0.11/turn              (no ring)

@: lethally poisoned (-1 -> -52), slowed, very slow
A: large, unfitting armour, claws 3, fast metabolism 3, gourmand, regeneration
1, shaggy fur 1, tough skin 3
a: Upheaval, Elemental Force, Renounce Religion


You were in the Dungeon.
You worshipped Qazlal.
Qazlal was most pleased with you.
You were completely stuffed.

You visited 1 branch You collected 810 gold pieces.
You spent 450 gold pieces at shops.

Inventory:

Armour
 a - a +0 robe (worn)
Jewellery
 i - an amulet of guardian spirit (around neck)
Scrolls
 h - a scroll of blinking
Potions
 c - a potion of curing
 d - a potion of heal wounds
 f - 2 potions of magic
Comestibles
 b - 2 rations
 g - 6 chunks of flesh


   Skills:
 + Level 10.4 Fighting
 + Level 10.4 Dodging
 - Level 1.0 Stealth
 + Level 12.1 Unarmed Combat
 + Level 0.0 Invocations


You had 8 spell levels left.
You didn't know any spells.
Your spell library was empty.

Dungeon Overview and Level Annotations

Branches:
Dungeon (1/1)

Altars:
Cheibriados
Dithmenos
Elyvilon
Fedhas
Gozag
Hepliaklqana
Kikubaaqudgha
Makhleb
Nemelex Xobeh
Okawaru
Qazlal
Ru
Sif Muna
Trog
Uskayaw
Vehumet
Wu Jian
Xom
Yredelemnul
Zin
The Shining One
Beogh
Jiyva
Lugonu

Shops:
D :=![[}?!:!=!([*%

Annotations:
D exclusions: ice statue and oklob plant


Innate Abilities, Weirdness & Mutations

You are too large for most types of armour.
You have claws for hands.
Your metabolism is lightning-fast.
You like to eat raw meat.
Your natural rate of healing is unusually fast.
You are covered in fur. (AC +1)
You have extremely tough skin. (AC +3)


Message History

You are more poisoned.
You feel your flesh rotting away! The death drake breathes miasma at you.
The foul vapour engulfs you!
You are lethally poisoned!
You feel your flesh rotting away!
The death drake fails to trigger a net trap.
The death drake bites you.
You open the door.
* * * LOW HITPOINT WARNING * * *
You feel extremely sick.
The death drake is struck by lightning.
The death drake bites you!
* * * LOW HITPOINT WARNING * * *
The crystal guardian fails to trigger a net trap.
The death drake barely misses you.
* * * LOW HITPOINT WARNING * * *
You feel extremely sick. The death drake breathes miasma at you.
The foul vapour engulfs you!
You are more poisoned.
You die...

.#.##.#### +.##. )▓!(!%(!(?▓▓
.#..#....# ..k# ##▓%$%?[?)(▓▓
...####..## #..# .#▓%!?[?%!?▓▓
#†## .##..# +..# .#▓?????[!$▓▓
#.##w..#..# #..# .#▓%!$[!?%(▓▓
.<.+# +..####.8##.#▓$)!([%%$▓▓
#.##$w.#....###k°.##▓▓▓▓▓▓▓+▓▓▓▓+
#'## .##......≈k≈≈≈≈≈≈≈≈≈≈≈..wXw≈
...# #≈§.....≈#@########+###.ww≈
)#..#≈≈≈≈≈≈≈..≈#.)_.....#t§≈# ≈
...##≈≈≈§§≈§≈§§#._._....#t§§§#
#+##≈≈≈≈§§≈§≈§≈#_._(_...#≈§§§§
≈≈≈≈≈≈≈§≈≈§§#._._._..#≈≈≈§§
++#≈≈§≈§§§≈≈#_._._._(#≈≈§§§
##≈≈§###§§#._._._._#≈≈§§§ ##§≈
#§§#_._._._.#≈≈≈
#≈≈#..._._._#≈≈≈≈


You could see 2 death drakes, a crystal guardian and a swamp drake.

Vanquished Creatures
  A merfolk siren (D)
  A yaktaur (D)
  3 polar bears (D)
  A hornet (D)
  2 hippogriffs (D)
  Menkaure (D)
  4 necrophages (D)
13 creatures vanquished.

Vanquished Creatures (others)
  A crocodile (D)
  4 tentacles (D)
5 creatures vanquished.

Grand Total: 18 creatures vanquished

Notes
Turn   | Place    | Note
-------+----------+-------------------------------------------
     0 | D        | nuthulu the Troll Monk began the quest for the Orb.
     0 | D        | Reached XP level 1. HP: 22/22 MP: 0/0
     1 | D        | Noticed a hippogriff
     1 | D        | Noticed a hippogriff
     4 | D        | Noticed a necrophage
     4 | D        | Noticed a necrophage
     4 | D        | Noticed a necrophage
     4 | D        | Noticed a necrophage
    19 | D        | Killed a necrophage
    19 | D        | Reached skill level 5 in Unarmed Combat
    19 | D        | Reached XP level 2. HP: 33/33 MP: 1/1
    19 | D        | Reached XP level 3. HP: 40/40 MP: 2/2
    19 | D        | Reached XP level 4. HP: 49/49 MP: 3/3
    25 | D        | Killed a necrophage
    25 | D        | Reached skill level 5 in Fighting
    25 | D        | Reached skill level 5 in Dodging
    25 | D        | Reached skill level 6 in Unarmed Combat
    25 | D        | Reached XP level 5. HP: 59/59 MP: 4/4
    30 | D        | Killed a necrophage
    30 | D        | Reached skill level 7 in Unarmed Combat
    42 | D        | Killed a necrophage
    42 | D        | Reached skill level 8 in Unarmed Combat
    42 | D        | Reached XP level 6. HP: 64/70 MP: 5/5
    54 | D        | Noticed a merfolk siren
    61 | D        | Killed a merfolk siren
    61 | D        | Reached skill level 9 in Unarmed Combat
    61 | D        | Reached XP level 7. HP: 76/79 MP: 6/6
    71 | D        | Noticed a tyrant leech
    71 | D        | Noticed a tyrant leech
    83 | D        | Killed a hippogriff
    83 | D        | Reached skill level 10 in Unarmed Combat
    89 | D        | Killed a hippogriff
    89 | D        | Reached XP level 8. HP: 53/91 MP: 7/7
   160 | D        | Noticed an ice statue
   171 | D        | Found Tanaro's Assorted Antiques.
   172 | D        | Found Qoanuet's Distillery.
   172 | D        | Found Ablural's Book Emporium.
   172 | D        | Found Umaeng's Armour Shoppe.
   172 | D        | Found Fouppirph's Distillery.
   172 | D        | Found Alexip's Distillery.
   172 | D        | Found Gueher's Antique Armour Emporium.
   172 | D        | Found Pethy's Antique Armour Shoppe.
   172 | D        | Found Dograefo's Magic Scroll Emporium.
   172 | D        | Found Ystuam's Food Shoppe.
   172 | D        | Found Yvvoepla's Jewellery Emporium.
   173 | D        | Found Lastrilih's Distillery.
   173 | D        | Found Woleicapp's Jewellery Emporium.
   174 | D        | Found Duedynof's Antique Weapon Shoppe.
   174 | D        | Found Jennil's Gadget Emporium.
   178 | D        | Noticed Menkaure
   178 | D        | Noticed an oklob plant
   179 | D        | Found Furu Qor's Book Shoppe.
   181 | D        | Noticed a great orb of eyes
   184 | D        | Noticed a hell hog
   184 | D        | Noticed a hell hog
   191 | D        | Killed Menkaure
   199 | D        | Bought a potion of heal wounds for 60 gold pieces
   213 | D        | Bought an uncursed amulet of guardian spirit for 390 gold
                  | pieces
   363 | D        | Found a stormy altar of Qazlal.
   364 | D        | Found a hazy altar of Hepliaklqana.
   364 | D        | Found a sacrificial altar of Ru.
   364 | D        | Found an ornate altar of the Wu Jian Council.
   365 | D        | Found a roughly hewn altar of Beogh.
   365 | D        | Found a viscous altar of Jiyva.
   365 | D        | Found a deep blue altar of Sif Muna.
   365 | D        | Found a shimmering altar of Xom.
   366 | D        | Found a snail-covered altar of Cheibriados.
   366 | D        | Found an ancient bone altar of Kikubaaqudgha.
   366 | D        | Found a bloodstained altar of Trog.
   366 | D        | Found a glowing golden altar of the Shining One.
   366 | D        | Found a basalt altar of Yredelemnul.
   367 | D        | Found a shadowy altar of Dithmenos.
   367 | D        | Found a corrupted altar of Lugonu.
   367 | D        | Found a hide-covered altar of Uskayaw.
   368 | D        | Found a white marble altar of Elyvilon.
   368 | D        | Found a burning altar of Makhleb.
   369 | D        | Found a blossoming altar of Fedhas.
   370 | D        | Noticed a polar bear
   371 | D        | Found an opulent altar of Gozag.
   371 | D        | Found a sparkling altar of Nemelex Xobeh.
   371 | D        | Noticed a polar bear
   371 | D        | Noticed a polar bear
   372 | D        | Found a glowing silver altar of Zin.
   372 | D        | Found a radiant altar of Vehumet.
   372 | D        | Found an iron altar of Okawaru.
   372 | D        | Noticed a yaktaur
   374 | D        | Noticed a hornet
   376 | D        | Became a worshipper of Qazlal Stormbringer
   376 | D        | Reached * piety under Qazlal
   376 | D        | Reached ** piety under Qazlal
   387 | D        | Killed a polar bear
   387 | D        | Reached skill level 11 in Unarmed Combat
   393 | D        | Paralysed by a hornet for 1 turns
   402 | D        | Killed a hornet
   405 | D        | Killed a polar bear
   405 | D        | Reached skill level 10 in Fighting
   405 | D        | Reached skill level 10 in Dodging
   407 | D        | Killed a polar bear
   407 | D        | Reached *** piety under Qazlal
   410 | D        | Killed a yaktaur
   410 | D        | Reached skill level 12 in Unarmed Combat
   410 | D        | Reached XP level 9. HP: 14/102 MP: 1/8
   566 | D        | Noticed a kraken
   579 | D        | Noticed a death drake
   581 | D        | Noticed a crystal guardian
   582 | D        | Noticed a death drake
   592 | D        | Killed from afar by a death drake

Skill      XL: |  1  2  3  4  5  6  7  8 |
---------------+-------------------------+-----
Fighting       | 4 5 7 8 9 10 | 10.4
Dodging        | 4 5 6 8 9 10 | 10.4
Unarmed Combat | 5 6 8 9 10 12 | 12.1
Stealth        | |  1.0

Action                   |  1- 3 |  4- 6 |  7- 9 || total
-------------------------+-------+-------+-------++-------
Melee: Unarmed           |    14 |    27 |    38 ||    79
       Punch             |       |       |     2 ||     2
  Use: Potion            |       |       |     3 ||     3
  Eat: Chunk             |       |       |    11 ||    11
Armor: Robe              |     7 |     7 |    15 ||    29
Dodge: Dodged            |     4 |     7 |    66 ||    77
Block: Other             |       |       |     4 ||     4
